 Dungeon Crawl Stone Soup version 0.28.0-49-g6dfe1f597d (webtiles) character file.

Game seed: 8261527156410646217

537 Gabide the Spear-Bearer (level 7, 0/41 HPs)
             Began as a Tengu Monk on May 19, 2022.
             Was a Believer of Sif Muna.
             Slain by an orc warrior
             ... wielding a +0 long sword
              (14 damage)
             ... on level 5 of the Dungeon.
             The game lasted 00:08:23 (4286 turns).

Gabide the Spear-Bearer (Tengu Monk)                Turns: 4286, Time: 00:08:23

Health: 0/41       AC:  8    Str: 11    XL:     7   Next: 25%
Magic:  8/8        EV: 12    Int: 10    God:    Sif Muna [**....]
Gold:   68         SH:  0    Dex: 19    Spells: 6/6 levels left

rFire   + . .      SeeInvis .   s - +1 trident
rCold   . . .      Faith    .   w - orb {light}
rNeg    . . .      Spirit   .   k - +1 scale mail {rF+}
rPois   .          Reflect  .   (helmet restricted)
rElec   .          Harm     .   (no cloak)
rCorr   .          Rampage  .   p - +0 pair of gloves
Will    .....                   (boots unavailable)
Stlth   +.........              (no amulet)
HPRegen 0.13/turn               (no ring)
MPRegen 0.11/turn               (no ring)

@: flying quickly and evasively, glowing, quick
A: beak, talons 3, nimble flight
a: Renounce Religion, Channel Magic


You were on level 5 of the Dungeon.
You worshipped Sif Muna.
Sif Muna was pleased with you.
You visited 2 branches of the dungeon, and saw 6 of its levels.

You collected 104 gold pieces.
You spent 36 gold pieces at shops.

Inventory:

Hand Weapons
 s - a +1 trident (weapon)
Armour
 h - a +0 ring mail
 k - a +1 scale mail of fire resistance (worn)
 p - a +0 pair of gloves (worn)
 w - an orb of light (worn)
Jewellery
 b - a ring of fire
Wands
 e - a wand of polymorph (5)
Scrolls
 g - a scroll of summoning {unknown}
 i - a scroll of fear
 l - a scroll of enchant armour {unknown}
 m - a scroll of immolation {unknown}
 n - a scroll of amnesia
 o - a scroll of silence {unknown}
 r - a scroll of enchant weapon
 t - a scroll of teleportation {unknown}
 u - a scroll of blinking {unknown}
 x - a scroll of vulnerability {unknown}
 y - a scroll of fog {unknown}
Potions
 a - 2 potions of lignification {unknown}
 c - 2 potions of resistance
 d - 2 potions of flight
 f - 2 potions of degeneration
 j - 2 potions of curing
 q - a potion of mutation {unknown}
 v - a potion of haste {unknown}
 z - a potion of heal wounds {unknown}


   Skills:
 - Level 3.0 Fighting
 + Level 8.2 Polearms
 - Level 3.0 Armour
 - Level 3.2 Dodging
 - Level 2.0 Stealth


You had 6 spell levels left.
You didn't know any spells.
Your spell library contained the following spells:

 Spells                   Type           Power      Damage    Failure   Level
 Blink                    Tloc           0%         N/A       97%         2
 Ensorcelled Hibernation  Hex/Ice        0%         N/A       97%         2
 Passwall                 Tmut/Erth      0%         N/A       97%         2
 Lesser Beckoning         Tloc           0%         N/A       99%         3
 Swiftness                Air            0%         N/A       99%         3
 Manifold Assault         Tloc           0%         N/A       100%        5


Dungeon Overview and Level Annotations

Branches:
Dungeon (5/15)             Temple (1/1) D:4

Altars:
Ashenzari
Cheibriados
Dithmenos
Elyvilon
Fedhas
Gozag
Hepliaklqana
Kikubaaqudgha
Makhleb
Nemelex Xobeh
Okawaru
Qazlal
Ru
Sif Muna
Trog
Uskayaw
Vehumet
Wu Jian
Yredelemnul
Zin
The Shining One

Shops:
D:5 (*

Annotations:
D:4 exclusion: centaur


Innate Abilities, Weirdness & Mutations

You have a beak for a mouth.
You have claws for feet.
Your magical nature lets you fly swiftly and evasively.


Message History

Nothing quivered!
Nothing quivered!
You see here an adder skeleton.
Things that are here:
an adder skeleton; a necrophage skeleton You reach to attack!
You puncture the orc warrior!
The orc warrior is moderately wounded.
You hit the orc warrior but do no damage.
You claw the orc warrior, but do no damage.
The orc warrior is moderately wounded.
The orc warrior hits you with a +0 long sword.
You barely miss the orc warrior. You peck the orc warrior.
The orc warrior is heavily wounded.
The orc warrior barely misses you.
You barely miss the orc warrior.
The orc warrior is heavily wounded.
The orc warrior hits you with a +0 long sword!
* * * LOW HITPOINT WARNING * * *
You are too injured to fight recklessly!
You are too injured to fight recklessly!
You are too injured to fight recklessly!
You are too injured to fight recklessly!
You are too injured to fight recklessly!
You are too injured to fight recklessly!
You are too injured to fight recklessly!
You are too injured to fight recklessly!
You are too injured to fight recklessly!
You are too injured to fight recklessly!
You are too injured to fight recklessly!
You are too injured to fight recklessly!
You are too injured to fight recklessly!
Reach: s) +1 trident
Press: ? - help, Dir - move target, f/p - orc warrior
Aim: an orc warrior, wielding a +0 long sword and wearing a +0 plate armour (heavily wounded, haloed, about 18% to evade your +1 trident)
You reach to attack!
You hit the orc warrior but do no damage.
The orc warrior is heavily wounded.
There is a stone staircase leading up here.
The orc warrior hits you with a +0 long sword!
You die...

#..# #.. #.# ...#
#...# #.# #.)# ...#
#.# (..##### ...# #.#
)(#÷÷..# # #..# #.#
.(####.###.# #..# #.#
≈(##.......# #..# #.#
≈≈≈###..#### #..# #.#
.≈≈ #......####o@# #.#
.(≈≈##.......s...###.#
..s≈ ##.##...........#
..≈≈#...#######.######
###### ###.### #....#
#.....#
####.#####.###.#
#.......###.#
#######..##.#


You could see an orc warrior and a scorpion.

Vanquished Creatures
  A necrophage (D:5)
  A phantom (D:5)
  A scorpion (D:5)
  A hound (D:4)
  An iguana (D:5)
  2 orc wizards (D:5)
  Natasha (thrice) (D:4)
  2 hound skeletons (D:4)
  A gnoll (D:1)
  3 adders
  An adder skeleton (D:5)
  2 worms
  2 dart slugs (D:2)
  8 orcs
  3 endoplasms
  3 giant cockroaches
  4 goblins
  3 hobgoblins
  4 jackals
  4 quokkas
  5 ball pythons
  3 bats
  8 frilled lizards
  6 kobolds
  A rat (D:3)
73 creatures vanquished.

Notes
Turn   | Place    | Note
-------+----------+-------------------------------------------
     0 | D:1      | Gabide the Tengu Monk began the quest for the Orb.
     0 | D:1      | Reached XP level 1. HP: 14/14 MP: 2/2
     5 | D:1      | You fall into a shaft and drop 1 floor!
   185 | D:1      | Reached skill level 4 in Polearms
   185 | D:1      | Reached XP level 2. HP: 5/19 MP: 3/3
   669 | D:1      | Reached XP level 3. HP: 23/23 MP: 4/4
   692 | D:1      | Reached skill level 1 in Armour
  1419 | D:2      | Reached XP level 4. HP: 26/28 MP: 5/5
  1699 | D:3      | Found a faded altar of an unknown god.
  2129 | D:4      | Noticed Natasha
  2138 | D:4      | Killed Natasha
  2139 | D:4      | Reached skill level 5 in Polearms
  2139 | D:4      | Gained mutation: Your magical nature lets you fly swiftly
                  | and evasively. [Tengu growth]
  2139 | D:4      | Reached XP level 5. HP: 26/32 MP: 6/6
  2145 | D:4      | Noticed Natasha
  2150 | D:4      | Killed Natasha
  2194 | D:4      | Noticed a centaur
  2275 | D:4      | Found a staircase to the Ecumenical Temple.
  2315 | Temple   | Entered the Ecumenical Temple
  2546 | Temple   | Became a worshipper of Sif Muna the Loreminder
  2546 | Temple   | Reached * piety under Sif Muna
  2546 | Temple   | Reached ** piety under Sif Muna
  2824 | D:4      | Reached skill level 6 in Polearms
  2925 | D:4      | Noticed Natasha
  2933 | D:4      | Killed Natasha
  3379 | D:5      | Entered Level 5 of the Dungeon
  3391 | D:5      | Reached XP level 6. HP: 37/37 MP: 7/7
  3522 | D:5      | Found Hecvum's Antique Weapon Emporium.
  3533 | D:5      | Reached skill level 7 in Polearms
  3923 | D:5      | Found Zueniej's General Store.
  3928 | D:5      | Bought 5 atropa-tipped darts for 36 gold pieces
  3966 | D:5      | Noticed an orc warrior
  3977 | D:5      | Noticed a necrophage
  3986 | D:5      | Reached XP level 7. HP: 27/41 MP: 8/8
  3993 | D:5      | Reached skill level 8 in Polearms
  4259 | D:5      | Paralysed by an orc warrior for 2 turns
  4286 | D:5      | Slain by an orc warrior

Illustrated notes

Levels and vault maps discovered:
D:1:      co_arrival_hexagon_in_a_hexagon, layout_loops_ring
D:2:      layout_rooms
D:3:      layout_rooms, hellmonk_ecumenical_altar_dog_temple,
          chequers_arboretum, hangedman_decor_opposing, feat_on_display
D:4:      layout_gridville, minmay_temple_entry_grid, uniq_natasha
D:5:      cheibrodos_helix_gallery, layout_loops_ring, serial_shops, shop,
          nicolae_shop_hallway_plus, kennysheep_little_box, nicolae_shop_stone,
          shop, kennysheep_generic_room_13
Temple:   mainiacjoe_temple_archimedes_tessellation

Skill      XL: |  1  2  3  4  5  6  7 |
---------------+----------------------+-----
Polearms       | 4 5 6 7 8 |  8.2
Armour         | 2 3 |  3.0
Fighting       | |  3.0
Dodging        | |  3.2
Stealth        | |  2.0

Action                   |  1- 3 |  4- 6 |  7- 9 || total
-------------------------+-------+-------+-------++-------
Melee: Spear             |    82 |    32 |       ||   114
       Kick              |    21 |    28 |     5 ||    54
       Peck              |     9 |    22 |     3 ||    34
       Punch             |     1 |       |       ||     1
       Trident           |       |    88 |    11 ||    99
Throw: Dart              |       |     2 |     3 ||     5
  Use: Scroll            |       |     7 |       ||     7
 Stab: Sleeping          |     8 |     2 |       ||    10
       Distracted        |       |     2 |       ||     2
       Invisible         |       |     1 |       ||     1
Armor: Robe              |     1 |       |       ||     1
       Leather armour    |     4 |     6 |       ||    10
       Scale mail        |       |    11 |       ||    11
Dodge: Dodged            |    23 |    33 |     2 ||    58
